 Dungeon Crawl Stone Soup version 0.30.1-4-g462c640d31 (webtiles) character file.

Game seed: 836796061493361157

432 Wiggles the Chopper (level 6, -11/56 HPs)
             Began as a Minotaur Berserker on Aug 24, 2023.
             Was a Priest of Trog.
             Mangled by an ogre
             ... wielding a +0 giant spiked club
              (21 damage)
             ... on level 4 of the Dungeon.
             The game lasted 00:05:22 (2718 turns).

Wiggles the Chopper (Minotaur Berserker)            Turns: 2718, Time: 00:05:22

Health: -11/56     AC:  7    Str: 30    XL:     6   Next: 67%
Magic:  5/5        EV: 11    Int:  4    God:    Trog [***...]
Gold:   22         SH:  0    Dex:  9    Spells: 5/5 levels left

rFire   . . .        u - +5 hand axe (elec)
rCold   . . .        (no shield)
rNeg    . . .        b - +0 scale mail
rPois   .            (helmet restricted)
rElec   .            (no cloak)
rCorr   .            (no gloves)
SInv    .            (no boots)
Will    .....        (no amulet) Stlth
                     j - +6 ring of strength
HPRegen 0.29/turn    (no ring)
MPRegen 0.09/turn

%: no passive effects
@: on berserk cooldown, slowed, very slow
A: horns 2, retaliatory headbutt
a: Renounce Religion, Berserk, Trog's Hand


You were on level 4 of the Dungeon.
You worshipped Trog.
Trog was most pleased with you.
You visited 1 branch of the dungeon, and saw 4 of its levels.
You also visited: Sewer.

You collected 178 gold pieces.
You spent 156 gold pieces at shops.

Inventory:

Hand Weapons
 u - a +5 hand axe of electrocution (weapon)
Missiles
 d - 2 throwing nets (quivered)
Armour
 b - a +0 scale mail (worn)
Jewellery
 j - a +6 ring of strength (left hand)
Scrolls
 c - 3 scrolls of noise {unknown}
 f - a scroll of vulnerability {unknown}
 g - 4 scrolls of identify {unknown}
 h - 2 scrolls of amnesia {unknown}
 i - a scroll of silence {unknown}
 k - a scroll of blinking {unknown}
 m - a scroll of summoning {unknown}
 o - 2 scrolls of fear {unknown}
 t - a scroll of immolation {unknown}
Potions
 e - 2 potions of curing {unknown}
 l - 2 potions of flight {unknown}
 n - 3 potions of heal wounds {unknown}
 p - a potion of invisibility {unknown}
 q - a potion of cancellation {unknown}
 r - 2 potions of mutation {unknown}
 s - a potion of might {unknown}


   Skills:
 + Level 5.6 Fighting
 + Level 6.1 Axes
 + Level 4.6 Armour
 + Level 3.4 Dodging
 + Level 0.4 Stealth


You had 5 spell levels left.
You didn't know any spells.
Your spell library was empty.

Dungeon Overview and Level Annotations

Branches:
Dungeon (4/15)              Sewer (visited)
 Temple: D:4-7

Altars:
Cheibriados
Xom

Shops:
D:4 ?(


Innate Abilities, Weirdness & Mutations

You have a pair of horns on your head.
You reflexively headbutt those who attack you in melee.


Message History

The orc priest hits you with a +0 club.
* * * LOW HITPOINT WARNING * * *
An orc comes into view. It is wielding a +0 whip.
The orc shouts!
You slash something! You closely miss the orc priest. You slash something!
You feel the power of Trog in you as your rage grows.
Trog accepts your kill.
Trog appreciates your killing of a magic user.
Reactivating autopickup.
You feel a bit more experienced.
You hit the orc priest.
Lightning courses through the orc priest!
You kill the orc priest!
Trog accepts your kill.
An orc comes into view. It is wielding a +0 club.
An orc comes into view. It is wielding a +0 vampiric hand axe.
The orc barely misses you.
Things that are here:
a +0 dagger; a +0 robe; an orc corpse You feel a strong urge to attack something.
You see here a +0 robe.
You slice the orc!!
You kill the orc!
Trog accepts your kill.
You hit the orc.
You are no longer berserk.
You are exhausted.
You feel yourself slow down. The orc closely misses you.
The orc hits you but does no damage. The orc closely misses you.
The orc barely misses you. The orc hits you but does no damage.
The ogre misses you.
You see here a +0 mace.
You slash the orc!
You kill the orc!
Trog accepts your kill.
You hit the ogre but do no damage. You hit the orc but do no damage.
The orc hits you with a +0 dagger.
* * * LOW HITPOINT WARNING * * *
The ogre hits you with a +0 giant spiked club!!
You die...

#....(.#
#......#######
#.............
#.............
#...).).......
#...))).......
#...))........
#...))[.......
#....o@)......
#.....oO......
#.......o.....
#.∩......o....
#.............
#.............
#.............
#.............


You could see an ogre and 4 orcs.

Vanquished Creatures
  Pargi (Sewer)
  3 orc priests (D:4)
  3 orc wizards (D:4)
  The ghost of hawla the Firebug, a weakling MeFE (D:3)
  4 gnolls (D:4)
  5 adders
  A worm (D:3)
  4 dart slugs
  7 orcs (D:4)
  7 bats
  4 endoplasms
  3 giant cockroaches
  5 goblins
  9 hobgoblins
  2 kobolds
  9 ball pythons
  5 frilled lizards
  4 rats
77 creatures vanquished.

Notes
Turn   | Place    | Note
-------+----------+-------------------------------------------
     0 | D:1      | Wiggles the Minotaur Berserker began the quest for the Orb.
     0 | D:1      | Reached XP level 1. HP: 19/19 MP: 0/0
   322 | D:1      | Reached skill level 4 in Axes
   322 | D:1      | Reached XP level 2. HP: 27/27 MP: 1/1
   879 | D:1      | Found a faded altar of an unknown god.
  1058 | D:2      | Reached ** piety under Trog
  1059 | D:2      | Reached XP level 3. HP: 33/33 MP: 2/2
  1623 | D:3      | Noticed hawla's ghost (weakling MeFE)
  1626 | D:3      | Found a runed translucent door.
  1648 | D:3      | Killed hawla's ghost
  1649 | D:3      | Reached XP level 4. HP: 41/41 MP: 3/3
  1672 | D:3      | Found a snail-covered altar of Cheibriados.
  1747 | D:3      | Found a glowing drain.
  1772 | Sewer    | Entered a sewer
  1801 | Sewer    | Noticed Pargi
  1806 | Sewer    | Killed Pargi
  1807 | Sewer    | Reached skill level 5 in Fighting
  1807 | Sewer    | Reached skill level 5 in Axes
  1807 | Sewer    | Reached XP level 5. HP: 48/48 MP: 4/4
  1940 | D:3      | Identified the +6 mace "Zivesyud" {pain, Will+++ Int+3}
  2303 | D:3      | Found a shimmering altar of Xom.
  2495 | D:4      | Found Tatuppucs's Antique Weapon Emporium.
  2518 | D:4      | Reached *** piety under Trog
  2519 | D:4      | Reached XP level 6. HP: 10/56 MP: 5/5
  2681 | D:4      | Bought a runed hand axe for 156 gold pieces
  2700 | D:4      | Found Omimuisou's Magic Scroll Shoppe.
  2710 | D:4      | Reached skill level 6 in Axes
  2718 | D:4      | Mangled by an ogre

Illustrated notes

Levels and vault maps discovered:
D:1:      amcnicky_arrival_double_pillar, layout_loops_ring,
          shapermc_ecumenical_altar_petra
D:2:      layout_loops_ring, kennysheep_donut
D:3:      layout_loops_ring, mainiacjoe_overflow_alcove_2, xom_teletrap_fun,
          hellmonk_ghost_happy_afterlife, cheibrodos_sewer_entry_drain
D:4:      layout_gridville, mainiacjoe_overflow_surrounded_room, serial_shops,
          nicolae_shop_tiny_statue_garden, nicolae_shop_tiny_waterfront,
          nicolae_lakefront_shop, shop, nicolae_shop_behind_doors,
          item_on_display_a

Skill      XL: |  1  2  3  4  5  6 |
---------------+-------------------+-----
Axes           | 4 5 6 |  6.1
Fighting       | 4 5 |  5.6
Armour         | 3 4 |  4.6
Dodging        | 3 |  3.4
Stealth        | |  0.4

Action                     |  1- 3 |  4- 6 || total
---------------------------+-------+-------++-------
  Melee: Hand axe          |    97 |    83 ||   180
         Headbutt          |    16 |     9 ||    25
 Invoke: Berserk           |     1 |     3 ||     4
 Armour: Animal skin       |     3 |       ||     3
         Scale mail        |    21 |    58 ||    79
         Ring mail         |     6 |       ||     6
  Dodge: Dodged            |    47 |    60 ||   107
